 Dungeon Crawl Stone Soup version 0.29-a0-717-g6dac4ea423 (webtiles) character file.

Game seed: 3619098074253712296

338 Sabo the Chopper (level 6, 0/69 (70) HPs)
             Began as a Demonspawn Gladiator on June 26, 2022.
             Succumbed to a gnoll's poison
             ... on level 3 of the Dungeon.
             The game lasted 00:14:49 (2975 turns).

Sabo the Chopper (Demonspawn Gladiator)             Turns: 2975, Time: 00:14:50

HP:   0/69 (70)     AC:  8    Str: 17    XL:     6   Next: 29%
MP:   6/6           EV: 10    Int:  9    God:
Gold: 205           SH:  0    Dex: 14    Spells: 5/5 levels left

rFire   . . .      SeeInvis .   a - +1 war axe
rCold   . . .      Faith    .   (no shield)
rNeg    . . .      Spirit   .   i - +0 scale mail
rPois   .          Reflect  .   c - +0 helmet
rElec   .          Harm     .   (no cloak)
rCorr   .          Rampage  .   j - +0 pair of gloves
Will    .....                   (no boots)
Stlth   ..........              (no amulet)
HPRegen 0.21/turn               (no ring)
MPRegen 0.10/turn               (no ring)

@: berserking, lethally poisoned (0 -> -3), lightly drained, very quick
A: ignite blood 2, spiny 1, demonic touch 1
a: no special abilities


You were on level 3 of the Dungeon.
You visited 1 branch of the dungeon, and saw 3 of its levels.

You collected 205 gold pieces.

Inventory:

Hand Weapons
 a - a +1 war axe (weapon)
 p - a +0 sling
 s - a +0 mace of protection
 u - a +0 sling
Missiles
 d - 3 throwing nets
 e - a javelin (quivered)
 x - 2 poisoned darts
 y - 4 atropa-tipped darts
Armour
 c - a +0 helmet (worn)
 i - a +0 scale mail (worn)
 j - a +0 pair of gloves (worn)
Wands
 v - a wand of mindburst (32)
Scrolls
 g - a scroll of enchant armour {unknown}
 h - a scroll of teleportation
 l - a scroll of fear {unknown}
 r - 4 scrolls of magic mapping
 t - a scroll of immolation {unknown}
Potions
 k - a potion of magic {unknown}
 n - a potion of brilliance {unknown}
 o - a potion of curing
 q - a potion of flight {unknown}
 w - a potion of berserk rage {unknown}
 z - a potion of heal wounds {unknown}


   Skills:
 + Level 3.1 Fighting
 + Level 5.1 Axes
 + Level 2.0 Throwing
 + Level 2.0 Armour
 + Level 3.2 Dodging
 + Level 0.7 Stealth


You had 5 spell levels left.
You didn't know any spells.
Your spell library contained the following spells:

 Spells                   Type           Power      Damage    Failure   Level
 Sting                    Tmut/Pois      0%         1d3       80%         1
 Poisonous Vapours        Pois/Air       0%         N/A       91%         2
 Olgreb's Toxic Radiance  Pois           0%         N/A       100%        4


Dungeon Overview and Level Annotations

Branches:
Dungeon (3/15)

Altars:

Annotations:
D:3 1 transporter, lunkers's ghost, amateur MeFi


Innate Abilities, Weirdness & Mutations

Your demonic aura often causes spilled blood to erupt in flames.
You are partially covered in sharp spines.
Your touch may inflict minor irresistible damage on your foes.


Message History

You drop a scroll of noise.
It was a potion of curing.
You feel better.
You see here a +0 helmet.
There is a transporter here.
As you read the scroll of enchant weapon, it crumbles to dust.
Your +0 war axe glows red for a moment.
You enter the transporter and appear at another place.
The gnoll shouts!
The gnoll throws a throwing net.
The throwing net barely misses you.
You see here a throwing net.
There is an open translucent door here.
The gnoll hits you from afar with a +0 halberd!
The gnoll hits you from afar with a +1 halberd of chaos.
The gnoll freezes you.
The gnoll hits you from afar with a +1 halberd of chaos!
You are poisoned.
The gnoll hits you from afar with a +0 halberd.
You feel sick. The gnoll closely misses you. x3
You barely miss the gnoll. You hit the gnoll.
You feel sick. The gnoll is struck by your spines.
The gnoll hits you with a +1 halberd of chaos!
* * * LOW HITPOINT WARNING * * *
The gnoll burns you.
* * * LOW HITPOINT WARNING * * *
The gnoll is engulfed in blazing flames.
You kill the gnoll!
The gnoll barely misses you. The gnoll attacks as you move away!
The gnoll hits you with a +1 halberd of chaos!
* * * LOW HITPOINT WARNING * * *
A red film seems to cover your vision as you go berserk!
You feel yourself moving faster!
You feel mighty!
* * * LOW HITPOINT WARNING * * *
You feel sick.
The gnoll hits you from afar with a +1 halberd of chaos.
* * * LOW HITPOINT WARNING * * *
You feel drained.
* * * LOW HITPOINT WARNING * * *
You feel a strong urge to attack something.
You die...

##.##.....## #...........#
#....###..##########...........#
##..............................
#..≈≈≈≈≈≈≈≈≈≈≈≈≈≈≈≈≈≈≈≈≈≈≈≈≈...
#).≈≈≈≈≈≈≈≈≈≈≈≈≈≈≈≈≈≈≈≈≈≈≈≈≈...
#..≈≈#####..$........#####≈≈...
#..≈≈#.8.#.###.©.###.#.8.#≈≈.##
#..≈≈#...###.#####©###...#≈≈...
#..≈≈###.....°@g...g...###≈≈.##
#..≈≈.8#.######○######.#8.≈≈...
#..≈≈.##.#.⌠.#.g8# #.##.≈≈...
#..≈≈.#g.'.....g⌠# '..#.≈≈.#.
#..≈≈.##.#.⌠.#..8# .# ##.≈≈.#.
#..≈≈.8#.######'######.#8.≈≈...
#..≈≈###...............###≈≈...
#..≈≈#gg.###!#####g###...#≈≈...
#..≈≈#g8.#.###.©.###.#g8g#≈≈..<


You could see 4 gnolls.

Vanquished Creatures
  Sigmund (D:3)
  Robin (D:3)
  5 gnolls (D:3)
  4 adders
  2 dart slugs
  4 ball pythons
  2 bats
  6 endoplasms
  3 giant cockroaches (D:3)
  8 hobgoblins
  12 jackals
  2 kobolds
  A quokka (D:3)
  A frilled lizard (D:3)
  14 goblins
  11 rats
77 creatures vanquished.

Vanquished Creatures (others)
  6 plants (D:3)
6 creatures vanquished.

Grand Total: 83 creatures vanquished

Notes
Turn   | Place    | Note
-------+----------+-------------------------------------------
     0 | D:1      | Sabo the Demonspawn Gladiator began the quest for the Orb.
     0 | D:1      | Reached XP level 1. HP: 16/16 MP: 1/1
   320 | D:1      | Reached skill level 3 in Axes
   320 | D:1      | Gained mutation: You are partially covered in sharp spines.
                  | [demonic ancestry]
   320 | D:1      | Reached XP level 2. HP: 21/22 MP: 2/2
   982 | D:2      | Gained mutation: Your demonic aura sometimes causes spilled
                  | blood to erupt in flames. [demonic ancestry]
   982 | D:2      | Reached XP level 3. HP: 28/28 MP: 3/3
  1570 | D:2      | Identified the +0 plate armour "Munixy" {Harm Str+2 Int-5
                  | Dex+2}
  1865 | D:3      | Noticed Robin
  1875 | D:3      | Gained mutation: Your demonic aura often causes spilled
                  | blood to erupt in flames. [demonic ancestry]
  1875 | D:3      | Reached XP level 4. HP: 30/34 MP: 4/4
  1881 | D:3      | Killed Robin
  2030 | D:3      | Found a transporter.
  2111 | D:3      | Reached skill level 4 in Axes
  2193 | D:3      | Reached skill level 1 in Armour
  2201 | D:3      | Noticed Sigmund
  2206 | D:3      | Killed Sigmund
  2207 | D:3      | Gained mutation: Your touch may inflict minor irresistible
                  | damage on your foes. [demonic ancestry]
  2207 | D:3      | Reached XP level 5. HP: 36/41 MP: 5/5
  2207 | D:3      | Reached XP level 6. HP: 41/47 MP: 6/6
  2559 | D:3      | Reached skill level 5 in Axes
  2617 | D:3      | Found a transporter.
  2864 | D:3      | Noticed lunkers's ghost (amateur MeFi)
  2974 | D:3      | HP: 2/70 [gnoll/+1 halberd of chaos (2)]
  2975 | D:3      | Succumbed to a gnoll's poison

Illustrated notes

Levels and vault maps discovered:
D:1:      dpeg_arrival_ratfight, layout_rooms, roderic_roman_lattice
D:2:      layout_loops_cross
D:3:      layout_basic, gammafunk_ghost_gnarly_gnolls, uniq_sigmund, uniq_robin

Skill      XL: |  1  2  3  4  5  6 |
---------------+-------------------+-----
Axes           | 3 4 5 |  5.1
Dodging        | 3 |  3.2
Throwing       | 2 |  2.0
Armour         | 1 2 |  2.0
Fighting       | 3 |  3.1
Stealth        | |  0.7

Action                   |  1- 3 |  4- 6 || total
-------------------------+-------+-------++-------
Melee: War axe           |    74 |    50 ||   124
       Touch             |       |     3 ||     3
  Use: Scroll            |     1 |     4 ||     5
       Potion            |       |     1 ||     1
Armor: Leather armour    |     9 |       ||     9
       Scale mail        |    27 |    24 ||    51
Dodge: Dodged            |    43 |    43 ||    86

Table legend: (Time is in decaauts)
 A = Elapsed time spent in this place.
 B = Non-inter-level travel time spent in this place.
 C = Inter-level travel time spent in this place.
 D = Time resting spent in this place.
 E = Time spent auto-exploring this place.
 F = Levels seen in this place.
 G = Mean time per level.
                   A        B        C        D        E       F      G
               +--------+--------+--------+--------+--------+-----+--------+
         Total |   3014 |   3014 |      0 |    535 |      0 |   3 | 1004.7 |
       Dungeon |   3014 |   3014 |      0 |    535 |      0 |   3 | 1004.7 |
               +--------+--------+--------+--------+--------+-----+--------+

Top non-repeatable levels by time:
     D:3: 1259 daAuts
     D:1: 912 daAuts
     D:2: 842 daAuts
